Map: Oxide LE

Players

Rail

  • Race: Protoss Protoss

Lambo - Winner!

  • Race: Zerg Zerg

Event: DreamHack SC2 Masters 2021 Winter

VOD

Have the link to the VOD?

Description

Time

  • Played on: Sept. 30, 2021, 10:58 a.m.
  • Length: 12:24

All games in this series

Show
View Real Time Build Order
Export as new Build Order

Rail Protoss 

Build Orders: 1 Gate Expand, Archon Immortal 

Get SALT Encoding   

  12  0:01  Probe  
  13  0:13  Probe  
  14  0:18  Pylon  
  14  0:25  Probe (Chrono Boost)  
  15  0:37  Probe (Chrono Boost)  
  15  0:38  Gateway  
  16  0:45  Probe (Chrono Boost)  
  16  0:46  Assimilator  
  17  0:51  Probe  
  18  1:03  Probe  
  19  1:15  Probe  
  20  1:22  Nexus  
  20  1:32  Cybernetics Core  
  20  1:34  Probe  
  21  1:40  Assimilator  
  21  1:46  Probe  
  22  1:49  Pylon  
  22  1:58  Probe (Chrono Boost)  
  23  2:08  Stalker, Warp Gate  
  25  2:10  Probe (Chrono Boost)  
  26  2:19  Robotics Facility, Probe (Chrono Boost)  
  27  2:26  Probe (Chrono Boost)  
  28  2:33  Probe (Chrono Boost)  
  30  2:38  Adept  
  30  2:42  Probe (Chrono Boost)  
  30  2:43  Probe (Chrono Boost)  
  33  2:48  Probe (Chrono Boost)  
  35  2:52  Probe (Chrono Boost)  
  35  2:57  Gateway  
  36  3:00  Probe (Chrono Boost)  
  36  3:04  Probe (Chrono Boost)  
  36  3:05  Probe (Chrono Boost), Pylon  
  37  3:07  Observer  
  37  3:11  Adept  
  41  3:14  Probe (Chrono Boost)  
  41  3:18  Probe (Chrono Boost)  
  43  3:24  Probe (Chrono Boost)  
  44  3:27  Warp Prism  
  44  3:28  Probe (Chrono Boost)  
  44  3:29  Probe (Chrono Boost)  
  48  3:35  Pylon  
  48  3:41  Assimilator, Probe (Chrono Boost)  
  50  3:43  Assimilator  
  50  3:45  Probe (Chrono Boost)  
  51  3:49  Probe (Chrono Boost)  
  51  3:52  Probe (Chrono Boost), Pylon  
  51  3:55  Probe  
  52  3:59  Sentry  
  52  4:00  Sentry  
  57  4:03  Probe  
  57  4:07  Probe  
  59  4:10  Pylon  
  59  4:15  Probe  
  60  4:18  Nexus  
  60  4:19  Probe  
  61  4:27  Probe  
  61  4:29  Immortal  
  66  4:31  Sentry  
  66  4:32  Shield Battery  
  66  4:36  Probe  
  69  4:39  Probe, Sentry  
  69  4:43  Pylon  
  72  4:48  Twilight Council, Probe  
  72  4:51  Probe  
  74  5:00  Probe  
  74  5:04  Probe  
  74  5:08  Gateway  
  74  5:10  Forge  
  74  5:11  Immortal  
  74  5:12  Probe  
  74  5:13  Sentry  
  81  5:16  Zealot, Probe  
  81  5:19  Gateway  
  84  5:26  Probe (Chrono Boost)  
  85  5:30  Probe (Chrono Boost), Charge (Chrono Boost)  
  85  5:33  Probe (Chrono Boost)  
  85  5:34  Protoss Ground Weapons Level 1 (Chrono Boost)  
  87  5:38  Assimilator, Probe (Chrono Boost)  
  87  5:40  Probe (Chrono Boost)  
  87  5:41  Assimilator  
  90  5:43  Probe (Chrono Boost)  
  90  5:45  Probe (Chrono Boost)  
  90  5:47  Probe (Chrono Boost)  
  90  5:48  Probe (Chrono Boost), Pylon  
  93  5:50  Probe  
  93  5:52  Templar Archives  
  93  5:56  Pylon  
  93  5:57  Probe  
  95  6:02  Immortal  
  99  6:05  Gateway  
  99  6:08  Psionic Storm  
  99  6:11  Gateway  
  99  6:14  Gateway  
  99  6:15  Gateway  
  99  6:30  High Templar x4  
  107  6:34  Photon Cannon  
  107  6:36  Pylon x2  
  107  6:38  Pylon  
  107  6:44  Immortal  
  107  6:46  Pylon  
  111  6:49  Pylon  
  111  6:56  Gateway x2  
  111  6:57  Pylon  
  111  7:00  Nexus  
  111  7:01  High Templar  
  111  7:04  High Templar  
  111  7:07  Zealot x2  
  119  7:09  Zealot, Archon  
  119  7:14  Zealot x2  
  119  7:15  Zealot  
  127  7:18  Photon Cannon  
  127  7:20  Shield Battery  
  131  7:30  Protoss Ground Weapons Level 2 (Chrono Boost)  
  131  7:31  Zealot x2  
  131  7:35  Pylon  
  131  7:36  High Templar  
  137  7:37  High Templar  
  137  7:41  Zealot  
  137  7:42  Archon  
  139  7:44  Zealot x2  
  139  7:46  Immortal, Probe  
  139  7:47  Zealot  
  144  7:52  High Templar x2  
  144  7:57  Archon  
  146  7:58  Photon Cannon  
  146  8:01  Pylon  
  146  8:02  Zealot  
  146  8:03  Zealot x2  
  146  8:05  Zealot  
  154  8:17  Zealot x4  
  146  8:31  Zealot x3, Blink, High Templar x2  
  146  8:32  Immortal  
  153  8:43  Archon  
  153  8:44  Zealot x4  
  153  8:47  Probe x2  
  153  8:48  Gateway  
  155  8:55  Probe  
  150  8:59  Probe  
  149  9:05  Stalker, Zealot x3  
  149  9:08  Probe, Shield Battery  
  150  9:10  Probe  
  150  9:12  Pylon  
  150  9:14  Pylon  
  150  9:16  Stalker, Zealot x2  
  157  9:23  Probe  
  158  9:25  Zealot  
  158  9:26  Probe  
  158  9:30  Stalker, Zealot x2  
  165  9:42  Stalker, Zealot x3  
  165  9:44  Immortal  
  169  9:54  Zealot x3  
  169  9:58  Stalker x2, Probe x2  
  146  10:14  Stalker x2  
  146  10:15  Stalker x3  
  152  10:21  Stalker  
  154  10:32  Stalker x3  
  144  10:46  Archon  
  130  10:51  Stalker x4  
  130  10:52  Probe  
  117  10:58  Stalker, Zealot x2  
  117  11:00  Immortal  
  125  11:05  Stalker, Zealot  
  113  11:20  Stalker  
  113  11:21  Stalker x5  
  113  11:22  Probe  
  116  11:35  Stalker  
  116  11:36  Stalker x2  
  106  11:51  Stalker x2, Sentry x3  
  98  12:04  Stalker x4  
  98  12:05  Probe  
Show
View Real Time Build Order
Export as new Build Order

Lambo Zerg - Winner!

Build Orders: Hatch First, Lurkers, Swarm Host 

Get SALT Encoding   

  12  0:00  Drone  
  13  0:12  Overlord  
  13  0:16  Drone  
  14  0:30  Drone x2  
  16  0:47  Hatchery  
  15  0:50  Drone  
  15  0:54  Drone  
  17  0:57  Drone  
  18  1:07  Extractor  
  17  1:12  Spawning Pool  
  17  1:15  Drone  
  17  1:19  Drone  
  18  1:28  Drone  
  19  1:38  Drone  
  20  1:50  Drone  
  21  2:00  Zergling x2, Queen x2  
  21  2:01  Overlord  
  26  2:10  Drone  
  26  2:11  Drone  
  28  2:21  Drone x2  
  30  2:30  Hatchery  
  30  2:31  Drone  
  30  2:32  Drone  
  30  2:36  Pneumatized Carapace  
  31  2:43  Drone, Overlord  
  32  2:50  Queen  
  34  2:53  Drone  
  34  2:57  Overlord  
  35  3:07  Drone x3  
  35  3:11  Metabolic Boost  
  35  3:12  Drone  
  39  3:16  Drone x2  
  39  3:19  Queen  
  41  3:23  Drone  
  44  3:27  Queen  
  44  3:31  Overlord  
  46  3:38  Drone x2  
  48  3:43  Roach Warren  
  48  3:45  Drone x2  
  48  3:48  Drone  
  50  3:51  Queen  
  50  3:53  Drone x2  
  54  3:56  Overlord  
  54  3:59  Zergling x4  
  56  4:05  Zergling x4  
  56  4:08  Drone, Overlord  
  56  4:09  Drone  
  60  4:14  Drone  
  61  4:19  Overlord  
  61  4:20  Drone  
  61  4:21  Lair  
  62  4:24  Extractor, Overlord  
  62  4:25  Extractor  
  62  4:28  Drone x3  
  62  4:30  Drone  
  64  4:33  Overlord  
  64  4:40  Drone x3, Evolution Chamber  
  64  4:41  Drone x2  
  64  4:43  Overlord  
  70  4:45  Roach  
  70  4:53  Overlord  
  67  5:00  Drone x6  
  67  5:01  Drone  
  67  5:02  Overlord  
  67  5:05  Overlord  
  73  5:11  Roach x3  
  73  5:12  Roach  
  73  5:13  Drone x2  
  83  5:14  Drone  
  83  5:16  Drone  
  83  5:19  Zerg Missile Weapons Level 1  
  83  5:20  Extractor  
  83  5:21  Overseer  
  84  5:25  Drone x4  
  84  5:27  Drone  
  89  5:30  Extractor  
  89  5:31  Roach  
  89  5:32  Roach  
  89  5:33  Ravager, Extractor  
  91  5:40  Drone x5  
  96  5:43  Ravager  
  96  5:44  Zergling x8  
  96  5:48  Drone x2  
  103  5:52  Glial Reconstitution  
  103  5:56  Infestation Pit, Drone  
  103  6:01  Hatchery  
  103  6:03  Drone x3  
  105  6:06  Overlord  
  105  6:12  Roach x4  
  105  6:15  Drone, Hydralisk Den  
  105  6:16  Drone  
  114  6:22  Overlord  
  114  6:23  Overlord x2  
  114  6:25  Drone x2  
  114  6:29  Roach x2  
  114  6:31  Drone x2  
  122  6:33  Roach  
  122  6:34  Roach  
  126  6:40  Overlord  
  126  6:44  Overlord  
  127  6:47  Swarm Host x5  
  127  6:53  Extractor  
  141  6:55  Swarm Host x3  
  141  6:57  Overlord  
  150  7:01  Overlord  
  150  7:02  Swarm Host x2  
  156  7:09  Swarm Host x2  
  156  7:15  Overseer  
  162  7:17  Queen  
  162  7:18  Swarm Host x2  
  170  7:27  Swarm Host x2  
  176  7:31  Roach x3  
  176  7:32  Extractor  
  181  7:42  Roach x5  
  191  7:58  Hive  
  191  7:59  Hydralisk Den  
  191  8:03  Hatchery  
  188  8:12  Roach x2  
  185  8:27  Roach x3  
  180  8:44  Roach x4  
  180  8:45  Roach x6  
  191  8:58  Lurker Den  
  191  9:02  Overlord  
  190  9:06  Roach x4  
  186  9:10  Overlord  
  186  9:12  Zerg Missile Weapons Level 2  
  186  9:16  Roach x5  
  198  9:17  Overlord  
  198  9:20  Ravager x2  
  198  9:21  Ravager  
  187  9:54  Hydralisk x7  
  197  10:04  Roach x3  
  188  10:08  Roach x7  
  188  10:11  Muscular Augments, Seismic Spines  
  199  10:15  Ravager  
  198  10:21  Lurker x2  
  198  10:22  Roach Warren  
  198  10:26  Roach x4  
  198  10:36  Lurker x2  
  183  10:43  Roach x2  
  183  10:46  Roach x12  
  183  10:48  Roach x7  
  200  10:50  Roach  
  200  10:52  Queen  
  200  10:53  Queen x2  
  200  10:56  Roach x3  
  196  10:58  Roach x3  
  196  11:02  Roach  
  196  11:03  Roach  
  180  11:07  Roach  
  180  11:08  Adaptive Talons  
  180  11:09  Roach  
  156  11:12  Roach x5  
  147  11:19  Roach x2  
  147  11:25  Roach x6  
  159  11:29  Ravager  
  159  11:32  Hydralisk x2  
  148  11:34  Hydralisk  
  148  11:35  Hydralisk x2  
  148  11:36  Ravager  
  148  11:37  Ravager x2  
  148  11:39  Hydralisk  
  159  11:43  Hydralisk x2  
  158  11:49  Roach x2  
  158  11:51  Roach x2  
  150  12:02  Roach x3  
  150  12:04  Roach x2  

Tags
 
Add a new tag
Caveats
  • Supply blocks, unpowered buildings, or Contaminate may cause inaccurate times.
  • Supply counts are checked every 10 seconds.